[Event "European Women Rapid-ch 2023"]
[Site "Monaco"]
[Date "2024.01.14"]
[Round "10.13"]
[White "Dornbusch, Tatiana"]
[Black "Hunt, Harriet V"]
[Result "1-0"]
[ECO "E15"]
[WhiteElo "2218"]
[BlackElo "2306"]
[Annotator "ChessBase"]
[PlyCount "62"]
[EventDate "2023.12.19"]
[EventType "swiss"]
[EventCountry "MNC"]
[SourceTitle "playchess.com"]
[Source "ChessBase"]
[SourceQuality "1"]
[TimeControl "900+10"]

1. d4 Nf6 2. Nf3 e6 3. c4 b6 4. g3 Ba6 5. Qc2 c5 6. Bg2 Bb7 7. dxc5 bxc5 8. O-O Be7 9. Nc3 d6 10. Rd1 Qb6 11. Bf4 O-O 12. Rd2 h6 13. h3 e5 14. Be3 Re8 15. b4 Nc6 16. bxc5 dxc5 17. Rb1 Qa6 18. Rxb7 Qxb7 19. Nxe5 Rac8 20. Bxc6 Rxc6 21. Nxc6 Qxc6 22. Qa4 Qe6 23. Nd5 Rb8 24. Qxa7 Rb1+ 25. Kg2 Bf8 26. Qa8 Nxd5 27. Qxd5 Qb6 28. Qd8 Qa7 29. Bf4 Qb7+ 30. Rd5 Rb6 31. Kh2 Rf6 1-0

[Event "European Women Rapid-ch 2023"]
[Site "Monaco"]
[Date "2024.01.14"]
[Round "10.14"]
[White "Hoang, Thanh Trang"]
[Black "Khurtsilava, Inga"]
[Result "1-0"]
[ECO "E14"]
[WhiteElo "2382"]
[BlackElo "2186"]
[Annotator "RC"]
[PlyCount "85"]
[EventDate "2023.12.19"]
[EventType "swiss"]
[EventCountry "MNC"]
[SourceTitle "playchess.com"]
[Source "ChessBase"]
[SourceQuality "1"]
[TimeControl "900+10"]

1. d4 Nf6 2. Nf3 b6 3. e3 Bb7 4. Bd3 e6 5. O-O Be7 6. c4 O-O 7. Nc3 d5 8. cxd5 exd5 9. b3 Nbd7 10. Bb2 a6 11. Rc1 Bd6 12. Qc2 Re8 13. Ne2 Ne4 14. Ne5 Nxe5 15. dxe5 Bxe5 16. Bxe5 Rxe5 17. Qxc7 Re7 18. Qxd8+ Rxd8 19. Rfd1 a5 20. Bxe4 Rxe4 21. Rc7 Ba6 22. Nc3 Re5 23. Rc6 Re6 24. Rxd5 Rde8 25. Rc7 h6 26. Rdd7 Rf6 27. Nd5 Rfe6 28. Rxf7 Rd6 29. Rxg7+ Kh8 30. Rh7+ Kg8 31. Rhd7 Rxd7 32. Rxd7 Re6 33. f3 Bb5 34. Rd8+ Kf7 35. Nc7 Re5 36. Nxb5 Rxb5 37. Rb8 Ke6 38. Kf2 Kd5 39. Ke2 Kc5 40. e4 Kb4 41. a4 Rg5 42. Rxb6+ Kc3 43. g3 1-0

[Event "European Women Rapid-ch 2023"]
[Site "Monaco"]
[Date "2024.01.14"]
[Round "10.15"]
[White "Vega Gutierrez, Sabrina"]
[Black "Radeva, Viktoria"]
[Result "1-0"]
[ECO "C00"]
[WhiteElo "2378"]
[BlackElo "2325"]
[Annotator "RC"]
[PlyCount "71"]
[EventDate "2023.12.19"]
[EventType "swiss"]
[EventCountry "MNC"]
[SourceTitle "playchess.com"]
[Source "ChessBase"]
[SourceQuality "1"]
[TimeControl "900+10"]

1. e4 e6 2. b3 d5 3. Bb2 dxe4 4. Nc3 Nf6 5. Qe2 Be7 6. Nxe4 Nxe4 7. Qxe4 Bf6 8. d4 O-O 9. O-O-O a5 10. a4 c6 11. Nf3 Qd5 12. Qe3 b5 13. axb5 cxb5 14. Bd3 Bb7 15. h4 a4 16. Ng5 g6 17. Nxh7 Kxh7 18. h5 Kg8 19. hxg6 fxg6 20. Rh6 Kf7 21. Rh7+ Ke8 22. Bxb5+ Qxb5 23. Qxe6+ Kd8 24. Qd6+ Nd7 25. Rxd7+ Qxd7 26. Qxf8+ Kc7 27. Qxf6 axb3 28. Re1 Ra6 29. Qf4+ Kb6 30. Qf8 Qc6 31. Re6 Ka7 32. Rxc6 Rxc6 33. Qa3+ Ra6 34. Qxb3 Bxg2 35. d5 Ka8 36. Be5 1-0

[Event "European Women Rapid-ch 2023"]
[Site "Monaco"]
[Date "2024.01.14"]
[Round "10.16"]
[White "Krasteva, Beloslava"]
[Black "Papp, Petra"]
[Result "1-0"]
[ECO "D85"]
[WhiteElo "2251"]
[BlackElo "2267"]
[Annotator "ChessBase"]
[PlyCount "69"]
[EventDate "2023.12.19"]
[EventType "swiss"]
[EventCountry "MNC"]
[SourceTitle "playchess.com"]
[Source "ChessBase"]
[SourceQuality "1"]
[TimeControl "900+10"]

1. d4 Nf6 2. c4 g6 3. Nc3 d5 4. cxd5 Nxd5 5. e4 Nxc3 6. bxc3 Bg7 7. Be3 c5 8. Qd2 Qa5 9. Nf3 O-O 10. Be2 Rd8 11. Rc1 Bg4 12. d5 Nd7 13. c4 Qc7 14. h3 Bxf3 15. gxf3 Nf6 16. Bd3 e5 17. f4 exf4 18. Bxf4 Qe7 19. f3 Nh5 20. Be3 Be5 21. Bg5 Bf6 22. h4 h6 23. Bxh6 Bxh4+ 24. Kd1 Qf6 25. f4 Kh7 26. e5 Qe7 27. Bg5 Bxg5 28. Rxh5+ Bh6 29. Qh2 Qf8 30. Kc2 f5 31. exf6 Rxd5 32. cxd5 c4 33. Rxh6+ Qxh6 34. Qxh6+ Kxh6 35. Rh1# 1-0

[Event "European Women Rapid-ch 2023"]
[Site "Monaco"]
[Date "2024.01.14"]
[Round "10.17"]
[White "Sliwicka, Alicja"]
[Black "Unuk, Laura"]
[Result "1-0"]
[ECO "B12"]
[WhiteElo "2311"]
[BlackElo "2346"]
[Annotator "RC"]
[PlyCount "107"]
[EventDate "2023.12.19"]
[EventType "swiss"]
[EventCountry "MNC"]
[SourceTitle "playchess.com"]
[Source "ChessBase"]
[SourceQuality "1"]
[TimeControl "900+10"]

1. e4 c6 2. d4 d5 3. e5 Bf5 4. h4 h5 5. Bd3 Bxd3 6. Qxd3 Qa5+ 7. Nc3 e6 8. Nf3 Qa6 9. Qd1 Ne7 10. Ne2 Nf5 11. O-O Nd7 12. Ng3 Ne7 13. Ng5 c5 14. Re1 g6 15. c3 Qb6 16. Be3 Qc7 17. b3 Bh6 18. Qf3 Bxg5 19. Bxg5 c4 20. Rab1 b6 21. bxc4 Qxc4 22. Rb4 Qxa2 23. c4 a5 24. Rb3 a4 25. Rc3 a3 26. cxd5 Qxd5 27. Ne4 Nf5 28. Nd6+ Kf8 29. Qxd5 exd5 30. Nxf5 gxf5 31. Rc7 a2 32. Ra1 Ke8 33. Rxa2 Rb8 34. Raa7 f6 35. Rxd7 fxg5 36. hxg5 Rg8 37. f4 b5 38. Rdb7 Rc8 39. Rxb5 h4 40. Rh7 h3 41. gxh3 Ra8 42. Kg2 Kf8 43. Kg3 Rg6 44. Rh8+ Rg8 45. Rxg8+ Kxg8 46. Rxd5 Kf7 47. Rd6 Ra3+ 48. Kh4 Rf3 49. g6+ Kg7 50. Kg5 Rg3+ 51. Kxf5 Rxh3 52. Rd7+ Kf8 53. Kf6 Ke8 54. Rh7 1-0

[Event "European Women Rapid-ch 2023"]
[Site "Monaco"]
[Date "2024.01.14"]
[Round "10.18"]
[White "Hejazipour, Mitra"]
[Black "Rodriguez Redondo, Adhara"]
[Result "1-0"]
[ECO "E14"]
[WhiteElo "2356"]
[BlackElo "2130"]
[Annotator "ChessBase"]
[PlyCount "183"]
[EventDate "2023.12.19"]
[EventType "swiss"]
[EventCountry "MNC"]
[SourceTitle "playchess.com"]
[Source "ChessBase"]
[SourceQuality "1"]
[TimeControl "900+10"]

1. Nf3 d5 2. c4 e6 3. b3 Nf6 4. Bb2 Be7 5. e3 O-O 6. d4 b6 7. Bd3 Bb7 8. cxd5 exd5 9. O-O Nbd7 10. Nc3 Re8 11. Ne2 Bd6 12. Ng3 g6 13. Rc1 Qe7 14. Bb5 a6 15. Bc6 Bxc6 16. Rxc6 Rac8 17. Qd3 a5 18. Rfc1 Nb8 19. R6c2 Nbd7 20. Ne2 Nf8 21. Ne5 c5 22. f4 Ne4 23. Nc3 Nxc3 24. Rxc3 Bxe5 25. fxe5 Nd7 26. R3c2 Rcd8 27. Rf2 Qe6 28. Rcf1 Re7 29. Qb5 Rc8 30. h3 Rc7 31. Ba3 Rc8 32. Qe2 Rc7 33. Qf3 Rc8 34. Qg3 Rc7 35. Qg5 Nf8 36. Rf6 Qd7 37. Rxb6 Ne6 38. Qh4 Re8 39. Rd6 Qb5 40. Rxd5 Qd3 41. Qf2 Qe4 42. Rd6 cxd4 43. exd4 Ng5 44. Qf4 Qxf4 45. Rxf4 Rc2 46. Rd7 Rxa2 47. Bd6 Ra1+ 48. Kh2 f5 49. exf6 Nf7 50. Be7 Rb1 51. Rf3 Rb8 52. Rc7 h6 53. Rcc3 Ng5 54. Rfe3 Rd1 55. h4 Nf7 56. Red3 Re1 57. d5 Ne5 58. Rd4 Re2 59. d6 Rb7 60. Kg3 Kf7 61. Kf4 Ke6 62. Kg3 g5 63. hxg5 hxg5 64. Ra4 Rb2 65. Re4 R2xb3 66. Rxb3 Rxb3+ 67. Kh2 Rb5 68. Kg3 Rd5 69. Kf2 Rd2+ 70. Ke3 Rd3+ 71. Ke2 Rd5 72. g3 Rb5 73. Kd2 Rd5+ 74. Kc2 Rb5 75. Kc3 Rc5+ 76. Kb3 Rd5 77. Ka4 Kf7 78. Rxe5 Rxe5 79. d7 Rxe7 80. d8=Q Kxf6 81. Qf8+ Rf7 82. Qd6+ Kf5 83. Qd5+ Kg6 84. Qe4+ Kf6 85. Kxa5 Re7 86. Qf3+ Kg6 87. Kb4 Re6 88. Kc5 Rf6 89. Qe4+ Kh6 90. Kd5 Rg6 91. Ke5 Rg7 92. Kf6 1-0

[Event "European Women Rapid-ch 2023"]
[Site "Monaco"]
[Date "2024.01.14"]
[Round "10.19"]
[White "Javakhishvili, Lela"]
[Black "Hryshchenko, Kamila"]
[Result "1/2-1/2"]
[ECO "E63"]
[WhiteElo "2433"]
[BlackElo "2192"]
[Annotator "RC"]
[PlyCount "59"]
[EventDate "2023.12.19"]
[EventType "swiss"]
[EventCountry "MNC"]
[SourceTitle "playchess.com"]
[Source "ChessBase"]
[SourceQuality "1"]
[TimeControl "900+10"]

1. d4 d6 2. Nf3 g6 3. g3 Bg7 4. Bg2 Nf6 5. O-O O-O 6. c4 Nc6 7. Nc3 a6 8. Bf4 h6 9. h3 Nd7 10. e4 e5 11. Be3 Re8 12. d5 Ne7 13. Qd2 Kh7 14. b4 Rf8 15. c5 f5 16. Rac1 Nf6 17. exf5 Nxf5 18. g4 Nxe3 19. fxe3 Qe7 20. cxd6 cxd6 21. Qc2 Bd7 22. Nd2 Rac8 23. Nde4 Nxe4 24. Qxe4 Bf6 25. Bf3 Bh4 26. Ne2 Bb5 27. Rxc8 Rxc8 28. Rc1 Rc7 29. Rc3 Rxc3 30. Nc1 1/2-1/2

[Event "European Women Rapid-ch 2023"]
[Site "Monaco"]
[Date "2024.01.14"]
[Round "10.20"]
[White "Guichard, Pauline"]
[Black "Mrvova, Alena"]
[Result "1-0"]
[ECO "D38"]
[WhiteElo "2385"]
[BlackElo "2160"]
[Annotator "RC"]
[PlyCount "61"]
[EventDate "2023.12.19"]
[EventType "swiss"]
[EventCountry "MNC"]
[SourceTitle "playchess.com"]
[Source "ChessBase"]
[SourceQuality "1"]
[TimeControl "900+10"]

1. d4 d5 2. c4 e6 3. Nc3 Nf6 4. Nf3 Bb4 5. cxd5 exd5 6. Bg5 O-O 7. e3 c6 8. Bd3 h6 9. Bh4 Be7 10. O-O b6 11. Rc1 c5 12. dxc5 bxc5 13. Bxf6 Bxf6 14. Nxd5 Bxb2 15. Rxc5 Na6 16. Rxc8 Rxc8 17. Bxa6 Rc6 18. Bd3 g6 19. e4 Rc1 20. Qd2 Rxf1+ 21. Bxf1 Bg7 22. h4 Re8 23. Qf4 Re6 24. Bc4 Rd6 25. Ne5 Bxe5 26. Qxe5 Re6 27. Qf4 Kg7 28. Ne3 Rf6 29. Qe5 Qd6 30. Qc3 Qf4 31. f3 1-0

[Event "European Women Rapid-ch 2023"]
[Site "Monaco"]
[Date "2024.01.14"]
[Round "10.21"]
[White "Paasikangas, Johanna"]
[Black "Savina, Anastasia"]
[Result "0-1"]
[ECO "E97"]
[WhiteElo "2038"]
[BlackElo "2340"]
[Annotator "ChessBase"]
[PlyCount "86"]
[EventDate "2023.12.19"]
[EventType "swiss"]
[EventCountry "MNC"]
[SourceTitle "playchess.com"]
[Source "ChessBase"]
[SourceQuality "1"]
[TimeControl "900+10"]

1. d4 Nf6 2. c4 g6 3. Nc3 Bg7 4. e4 d6 5. Nf3 O-O 6. Be2 e5 7. O-O Nc6 8. d5 Ne7 9. b4 a5 10. bxa5 Rxa5 11. a4 c5 12. Bd2 Ra6 13. Qc2 Ne8 14. Ra2 h6 15. Ne1 f5 16. f4 exf4 17. Bxf4 g5 18. Bc1 f4 19. Nb5 Ng6 20. Bh5 Ne5 21. Bxe8 Rxe8 22. Bb2 Qe7 23. Nf3 Ng4 24. Bxg7 Qxg7 25. Re1 Ne3 26. Qd3 Bg4 27. Nd2 Bh5 28. Nf1 Ng4 29. Qc2 Bg6 30. h3 Ne5 31. Qc3 h5 32. Nh2 g4 33. Kh1 Re7 34. a5 Qf6 35. Rae2 Qh4 36. Rf1 Qg5 37. Ree1 Kh7 38. Re2 Nf7 39. Rfe1 Ra8 40. Qd2 Rae8 41. Qc2 Qh4 42. Qd3 f3 43. gxf3 g3 0-1

[Event "European Women Rapid-ch 2023"]
[Site "Monaco"]
[Date "2024.01.14"]
[Round "10.22"]
[White "Monpeurt, Cyrielle"]
[Black "Schulze, Lara"]
[Result "0-1"]
[ECO "C49"]
[WhiteElo "2187"]
[BlackElo "2285"]
[Annotator "ChessBase"]
[PlyCount "115"]
[EventDate "2023.12.19"]
[EventType "swiss"]
[EventCountry "MNC"]
[SourceTitle "playchess.com"]
[Source "ChessBase"]
[SourceQuality "1"]
[TimeControl "900+10"]

1. e4 e5 2. Nf3 Nc6 3. Nc3 Nf6 4. Bb5 Bb4 5. O-O O-O 6. Bxc6 dxc6 7. d3 Re8 8. Bg5 h6 9. Bh4 Qd6 10. h3 Qe6 11. Bg3 Bd6 12. Ne2 c5 13. Bh2 c4 14. d4 Nxe4 15. dxe5 Bc5 16. Ned4 Qb6 17. Re1 Ng5 18. c3 Nxf3+ 19. Qxf3 Bxd4 20. cxd4 Qxd4 21. Rac1 Be6 22. b3 Bd5 23. Red1 Bxf3 24. Rxd4 Bc6 25. Rdxc4 Rad8 26. R4c2 Rd5 27. Bg3 Red8 28. Kh2 R8d7 29. Kg1 Kf8 30. Kh2 Ke7 31. Re1 Ke6 32. Rce2 Rd2 33. Kg1 Bb5 34. Rxd2 Rxd2 35. a3 Bc6 36. Re3 a5 37. Rc3 Ra2 38. b4 a4 39. Bf4 Rb2 40. Bc1 Rb1 41. f4 Ra1 42. Rc2 Be4 43. Rxc7 Bc6 44. f5+ Kxf5 45. Rxf7+ Kxe5 46. Rf1 Kd5 47. Bb2 Rxf1+ 48. Kxf1 g6 49. Bc1 h5 50. g3 Kc4 51. Ke2 Kc3 52. Ke3 b5 53. Kf4 Kc2 54. Be3 Kb2 55. Ke5 Kxa3 56. Kd6 Bg2 57. h4 Kxb4 58. Ke5 0-1

[Event "European Women Rapid-ch 2023"]
[Site "Monaco"]
[Date "2024.01.14"]
[Round "10.23"]
[White "Lazarne Vajda, Szidonia"]
[Black "Zapata Campos, Lidia Karen"]
[Result "1-0"]
[ECO "B22"]
[WhiteElo "2283"]
[BlackElo "2025"]
[Annotator "ChessBase"]
[PlyCount "87"]
[EventDate "2023.12.19"]
[EventType "swiss"]
[EventCountry "MNC"]
[SourceTitle "playchess.com"]
[Source "ChessBase"]
[SourceQuality "1"]
[TimeControl "900+10"]

1. e4 c5 2. c3 Nf6 3. e5 Nd5 4. d4 cxd4 5. cxd4 e6 6. Nf3 b6 7. Nc3 Nxc3 8. bxc3 Bb7 9. Bd3 Be7 10. O-O d6 11. Qe2 Nd7 12. Bf4 dxe5 13. dxe5 Qc7 14. Rac1 h6 15. Rfd1 O-O 16. Bb1 Nc5 17. Nd4 Rfd8 18. f3 Bf8 19. Qf2 a6 20. h4 g6 21. h5 g5 22. Bg3 Bg7 23. Qc2 Kf8 24. Qh7 Na4 25. Re1 Nxc3 26. Nf5 exf5 27. e6 Ne2+ 28. Rxe2 Qxc1+ 29. Re1 Qxe1+ 30. Bxe1 Rd1 31. exf7 Rxe1+ 32. Kf2 Rxb1 33. Qg8+ Ke7 34. Qxg7 Rf8 35. Qe5+ Kxf7 36. Qxf5+ Ke7 37. Qxb1 Rf6 38. Qh7+ Rf7 39. Qxh6 b5 40. Qxg5+ Kd7 41. h6 Be4 42. Qg8 Ke7 43. Qc8 Rf6 44. Qc5+ 1-0

[Event "European Women Rapid-ch 2023"]
[Site "Monaco"]
[Date "2024.01.14"]
[Round "10.24"]
[White "Gaprindashvili, Nona"]
[Black "Lezhepekova, Veronika"]
[Result "1-0"]
[ECO "D55"]
[WhiteElo "2243"]
[BlackElo "1935"]
[Annotator "TA"]
[PlyCount "39"]
[EventDate "2023.12.19"]
[EventType "swiss"]
[EventCountry "MNC"]
[SourceTitle "playchess.com"]
[Source "ChessBase"]
[SourceQuality "1"]
[TimeControl "900+10"]

1. d4 d5 2. c4 e6 3. Nf3 Nf6 4. Nc3 Be7 5. Bg5 O-O 6. e3 b6 7. Bxf6 Bxf6 8. cxd5 exd5 9. g3 c6 10. Bg2 Re8 11. O-O {[%emt 0:00:04] The position is equal.} Bf5 ({Black should try} 11... Na6 $11) 12. b4 Qd7 13. a4 (13. b5 $16) 13... c5 14. bxc5 bxc5 15. Nxd5 Be4 $2 {[%emt 0:02:28] [#]} (15... Qxd5 {is tougher.} 16. Nd2 Qd7 (16... Be4 $2 17. Nxe4 Rxe4 18. Qd3 $18)) 16. Nxf6+ $18 gxf6 17. dxc5 (17. Ne5 $142 Rxe5 18. dxe5 Bxg2 19. Kxg2) 17... Qe7 (17... Qxd1 {was necessary.} 18. Rfxd1 Na6) 18. Qd6 Nc6 19. Qxe7 Rxe7 20. Nd4 {[%emt 0:00:08] Weighted Error Value: White=0.56/Black=1.03.  Mistake:       	White=2     	Black=4      Inaccurate:     	White=1     	Black=1      OK:         	White=4     	---        Best:        	White=1     	---} 1-0

[Event "European Women Rapid-ch 2023"]
[Site "Monaco"]
[Date "2024.01.14"]
[Round "10.25"]
[White "Reizniece-Ozola, Dana"]
[Black "Piddubna, Bozhena"]
[Result "0-1"]
[ECO "A14"]
[WhiteElo "2278"]
[BlackElo "2035"]
[Annotator "ChessBase"]
[PlyCount "81"]
[EventDate "2023.12.19"]
[EventType "swiss"]
[EventCountry "MNC"]
[SourceTitle "playchess.com"]
[Source "ChessBase"]
[SourceQuality "1"]
[TimeControl "900+10"]

1. c4 e6 2. Nf3 Nf6 3. g3 b6 4. Bg2 Bb7 5. O-O Be7 6. Nc3 O-O 7. b3 d5 8. e3 c5 9. Bb2 Nc6 10. d3 a6 11. Qe2 Qc7 12. cxd5 exd5 13. d4 cxd4 14. Nxd4 Nxd4 15. exd4 Rfe8 16. Qd3 Qd7 17. Rfe1 Bb4 18. Rxe8+ Rxe8 19. Na4 Qd8 20. a3 Bd6 21. b4 h6 22. b5 a5 23. Rc1 Ne4 24. f3 Nf6 25. Kf2 Bc7 26. Bc3 Re7 27. Bd2 Ne8 28. Bh3 Nd6 29. Nb2 Bc8 30. Bxc8 Qxc8 31. Bf4 Qh3 32. Kg1 Nc4 33. Nxc4 Bxf4 34. gxf4 dxc4 35. Qf1 Qf5 36. Rxc4 Re6 37. Kh1 Rg6 38. Qc1 Kh7 39. Rc6 f6 40. Rxb6 Qh3 41. Qg1 0-1

[Event "European Women Rapid-ch 2023"]
[Site "Monaco"]
[Date "2024.01.14"]
[Round "10.26"]
[White "Galvan Cipriani, Viviana"]
[Black "De Seroux, Camille"]
[Result "0-1"]
[ECO "A26"]
[WhiteElo "2104"]
[BlackElo "2075"]
[Annotator "TA"]
[PlyCount "137"]
[EventDate "2023.12.19"]
[EventType "swiss"]
[EventCountry "MNC"]
[SourceTitle "playchess.com"]
[Source "ChessBase"]
[SourceQuality "1"]
[TimeControl "900+10"]

1. c4 Nf6 2. Nc3 Nc6 3. g3 g6 4. Bg2 Bg7 5. e4 d6 6. Nge2 O-O 7. d3 e5 8. O-O Nd7 9. Be3 Nc5 10. d4 exd4 11. Nxd4 Ne5 12. Qe2 Ng4 13. Rad1 Nxe3 14. Qxe3 Re8 15. b4 Ne6 16. Nb3 c6 17. Qd3 Qb6 18. a3 Bd7 19. Kh1 Rad8 20. f4 Bc8 21. f5 (21. Qc2 $11) 21... Nf8 22. Qc2 Be5 (22... Qc7 $15 {was preferrable.}) 23. c5 dxc5 24. Na4 Qc7 25. Naxc5 Nd7 26. Nd3 Bh8 27. fxg6 (27. Na5 $11 {remains equal.}) 27... hxg6 $17 28. Rde1 Nf6 29. Nf4 Qe5 30. Nc5 Ng4 31. h3 {[%emt 0:00:39] [#]} Nf6 (31... Nh6 $1 $17 32. g4 Qg5) 32. Ncd3 (32. Qb3 $1 $14 {keeps the upper hand.}) 32... Qg5 33. Kh2 Qh6 34. Nf2 Rd4 (34... Ng4+ $17 35. Nxg4 Bxg4) 35. Kg1 (35. e5 $11 Nh5 36. e6 Nxf4 (36... Bxe6 37. Nxe6 fxe6 38. Qb3 $16) 37. Ng4) 35... Red8 (35... Nh5 $17 36. Nxh5 Qxh5) 36. Rd1 {[%emt 0:00:08] [#]} (36. e5 $11 Nh5 37. Ne2) 36... Nh5 $1 $17 37. Nxh5 Qxh5 38. Kh2 Be5 39. Rxd4 Rxd4 40. Nd3 Bg7 (40... Be6 {with more complications.} 41. Rf2 Rc4 42. Qd2 Bc7) 41. Nf4 Qg5 42. h4 Qe5 43. Qa2 (43. Qb3 $1 $15) 43... Qd6 (43... g5 $142 44. Ne2 Be6) 44. Rf2 Be5 45. Qc2 (45. Qb3 $17) 45... Rd1 46. Qb3 (46. Qe2 $17) 46... Bg4 $19 47. Qc2 Qd4 48. Bh3 $2 (48. Qc5) 48... Bxh3 $19 49. Kxh3 Ra1 $2 (49... Qd7+ $19 50. Kh2 Bxf4) 50. a4 $2 (50. Rd2 $17 Qg1 51. Rd8+ Kg7 52. Qc5 Qxc5 53. bxc5) 50... Ra3 51. Kh2 $2 (51. Qe2 $19) 51... Qe3 52. Rg2 Bxf4 53. gxf4 Qxf4+ 54. Kh1 Ra1+ 55. Rg1 Qxh4+ 56. Qh2 Qxe4+ 57. Qg2 Qxg2+ ({Not} 57... Qxb4 58. Rxa1 Qh4+ 59. Qh2 Qe4+ 60. Qg2 Qh4+ 61. Qh2 Qe4+ 62. Qg2 Qh4+ $11) 58. Kxg2 Rxa4 59. Rb1 a6 60. Kf3 Kg7 61. Ke3 Kf6 62. Kd3 g5 63. Rf1+ Kg6 64. Kc3 Ra3+ 65. Kc4 f5 66. Rd1 a5 67. bxa5 Rxa5 68. Rb1 Rb5 69. Kd4 0-1

[Event "European Women Rapid-ch 2023"]
[Site "Monaco"]
[Date "2024.01.14"]
[Round "10.27"]
[White "Hrebenshchykova, Yelyzaveta"]
[Black "Cornileau, Juliette"]
[Result "1-0"]
[ECO "B89"]
[WhiteElo "2275"]
[BlackElo "2007"]
[Annotator "ChessBase"]
[PlyCount "95"]
[EventDate "2023.12.19"]
[EventType "swiss"]
[EventCountry "MNC"]
[SourceTitle "playchess.com"]
[Source "ChessBase"]
[SourceQuality "1"]
[TimeControl "900+10"]

1. e4 c5 2. Nf3 d6 3. d4 cxd4 4. Nxd4 Nf6 5. Nc3 Nc6 6. Bc4 e6 7. Be3 a6 8. Qe2 Bd7 9. Bb3 Be7 10. O-O-O b5 11. Nxc6 Bxc6 12. e5 Nd7 13. exd6 Bf6 14. Nd5 Bxd5 15. Bxd5 Rc8 16. Kb1 O-O 17. Bb3 Rb8 18. Ba7 Rb7 19. Bd4 a5 20. c3 g6 21. Qf3 Rb8 22. Bxf6 Nxf6 23. a3 Kg7 24. Rhe1 Qd7 25. Qf4 Rb6 26. Rd4 e5 27. Rxe5 Rxd6 28. Rxd6 Qxd6 29. Qd4 Qc6 30. g4 h6 31. Rc5 Qh1+ 32. Ka2 a4 33. Bd5 Qxh2 34. Rxb5 Rd8 35. c4 Qd6 36. Rb6 Qe7 37. f4 g5 38. fxg5 hxg5 39. Ra6 Rd6 40. Rxa4 Qe2 41. Ra7 Qe8 42. Qd2 Nxd5 43. Qxg5+ Rg6 44. Qxd5 Rxg4 45. Rb7 Rg6 46. Qd4+ Kg8 47. Rb5 Qe2 48. Rb8+ 1-0

[Event "European Women Rapid-ch 2023"]
[Site "Monaco"]
[Date "2024.01.14"]
[Round "11.1"]
[White "Paehtz, Elisabeth"]
[Black "Stefanova, Antoaneta"]
[Result "1/2-1/2"]
[ECO "D02"]
[WhiteElo "2461"]
[BlackElo "2431"]
[Annotator "RC"]
[PlyCount "21"]
[EventDate "2023.12.19"]
[EventType "swiss"]
[EventCountry "MNC"]
[SourceTitle "playchess.com"]
[Source "ChessBase"]
[SourceQuality "1"]
[TimeControl "900+10"]

1. d4 d5 2. Nf3 Nf6 3. c3 e6 4. Bf4 Bd6 5. e3 Bxf4 6. exf4 b6 7. Nbd2 O-O 8. Bd3 c5 9. O-O Ba6 10. Bxa6 Nxa6 11. Qe2 1/2-1/2

[Event "European Women Rapid-ch 2023"]
[Site "Monaco"]
[Date "2024.01.14"]
[Round "11.2"]
[White "Kosteniuk, Alexandra"]
[Black "Ushenina, Anna"]
[Result "1-0"]
[ECO "B07"]
[WhiteElo "2501"]
[BlackElo "2415"]
[Annotator "RC"]
[PlyCount "115"]
[EventDate "2023.12.19"]
[EventType "swiss"]
[EventCountry "MNC"]
[SourceTitle "playchess.com"]
[Source "ChessBase"]
[SourceQuality "1"]
[TimeControl "900+10"]

1. e4 d6 2. d4 Nf6 3. Nc3 e5 4. Nge2 Be7 5. h3 O-O 6. g4 c6 7. a4 a5 8. Bg2 Na6 9. O-O h5 10. g5 Nh7 11. h4 g6 12. f4 f6 13. f5 Qe8 14. gxf6 Bxf6 15. Bh6 Bg7 16. Bxg7 Kxg7 17. Ng3 Bd7 18. Qd2 exd4 19. Qxd4+ Qe5 20. Rad1 Qxd4+ 21. Rxd4 Nc5 22. Rxd6 gxf5 23. Nxh5+ Kh8 24. Nf4 Rf6 25. Rxf6 Nxf6 26. exf5 Kg7 27. Bh3 Re8 28. Kf2 Nce4+ 29. Nxe4 Rxe4 30. Kf3 Rxa4 31. Re1 Kg8 32. h5 Rb4 33. b3 a4 34. bxa4 Rxa4 35. Rg1+ Kh7 36. Rg6 Ra3+ 37. Kg2 Nd5 38. Nxd5 cxd5 39. Bg4 Rc3 40. f6 Bxg4 41. Rxg4 Rxc2+ 42. Kf3 Rc7 43. Rf4 Kg8 44. Rf5 b5 45. Rg5+ Kf8 46. Rxd5 Rb7 47. h6 Kg8 48. Rg5+ Kh8 49. Rg7 Rb8 50. Kf4 b4 51. Kf5 b3 52. Kg6 Rb6 53. Rh7+ Kg8 54. Re7 Rb8 55. Re8+ Rxe8 56. f7+ Kf8 57. fxe8=Q+ Kxe8 58. h7 1-0

[Event "European Women Rapid-ch 2023"]
[Site "Monaco"]
[Date "2024.01.14"]
[Round "11.3"]
[White "Kulon, Klaudia"]
[Black "Wagner, Dinara"]
[Result "1-0"]
[ECO "A13"]
[WhiteElo "2323"]
[BlackElo "2459"]
[Annotator "RC"]
[PlyCount "111"]
[EventDate "2023.12.19"]
[EventType "swiss"]
[EventCountry "MNC"]
[SourceTitle "playchess.com"]
[Source "ChessBase"]
[SourceQuality "1"]
[TimeControl "900+10"]

1. c4 Nf6 2. g3 e6 3. Bg2 d5 4. Nf3 dxc4 5. O-O a6 6. a4 Nc6 7. Na3 Na5 8. Qc2 Nb3 9. Rb1 Nxc1 10. Rfxc1 Be7 11. Nxc4 O-O 12. d4 Nd5 13. Nce5 c6 14. Nd3 a5 15. e4 Nb4 16. Nxb4 Bxb4 17. Rd1 Qe7 18. h4 h6 19. Rbc1 Rd8 20. Ne5 Bd7 21. Qe2 Be8 22. b3 c5 23. dxc5 Bxc5 24. Nc4 Rxd1+ 25. Rxd1 e5 26. Ne3 Bc6 27. Nf5 Qf6 28. Qc2 b6 29. Bf1 Kh7 30. Re1 Rd8 31. Bc4 Rd7 32. Ne3 Qg6 33. Nf1 Rd4 34. Bd3 Rd6 35. Kg2 Rf6 36. f3 Rf4 37. h5 Qg5 38. Qc1 Bd7 39. Nh2 Bd4 40. Bc4 Bc5 41. Rd1 Bc6 42. Re1 Bd7 43. Rd1 Bc8 44. Qd2 Bd4 45. Qc1 Bb7 46. Rxd4 Bc8 47. Rd1 Bb7 48. Bd5 Ba6 49. Ng4 Rxg4 50. fxg4 Qxg4 51. Rf1 Qxh5 52. Rf2 Qg4 53. Qh1 Bd3 54. Qh4 Qd1 55. Qe7 Qg4 56. Qxe5 1-0

[Event "European Women Rapid-ch 2023"]
[Site "Monaco"]
[Date "2024.01.14"]
[Round "11.4"]
[White "Khotenashvili, Bella"]
[Black "Daulyte-Cornette, Deimante"]
[Result "0-1"]
[ECO "A30"]
[WhiteElo "2467"]
[BlackElo "2372"]
[Annotator "RC"]
[PlyCount "80"]
[EventDate "2023.12.19"]
[EventType "swiss"]
[EventCountry "MNC"]
[SourceTitle "playchess.com"]
[Source "ChessBase"]
[SourceQuality "1"]
[TimeControl "900+10"]

1. Nf3 Nf6 2. g3 c5 3. c4 d5 4. Bg2 Nc6 5. O-O e5 6. d3 Be7 7. cxd5 Nxd5 8. Nc3 Be6 9. Bd2 O-O 10. a3 h6 11. Rc1 Rc8 12. Nxd5 Bxd5 13. Bc3 Qd6 14. Qa4 Qe6 15. Nd2 Bxg2 16. Kxg2 Bg5 17. h4 Bxd2 18. Bxd2 Nd4 19. Rfe1 b5 20. Qd1 Rfd8 21. Be3 c4 22. Bxd4 exd4 23. Qd2 c3 24. bxc3 Qc6+ 25. Kg1 dxc3 26. Qc2 a5 27. Rb1 Qc5 28. Rb3 b4 29. axb4 axb4 30. Reb1 Rb8 31. Ra1 Rd6 32. Rab1 Rbb6 33. e3 Rd8 34. Ra1 Qd5 35. d4 Ra8 36. Rxa8+ Qxa8 37. e4 Qa1+ 38. Kg2 Qe1 39. Rb1 Qxb1 40. Qxb1 b3 0-1